2685 views
Uploaded 2019-12-08 23:50:46
Game version 1.32.0.3 / 1.32.0.3.1
33:01 long 1on1 ladder game on (2)EchoIsles
Saved by BEARAND
2685 views
Uploaded 2019-12-08 23:50:46
Game version 1.32.0.3 / 1.32.0.3.1
33:01 long 1on1 ladder game on (2)EchoIsles

19 units @ 1.6k
/ 0k
76 buildings @ 3.4k
/ 1.9k



x1)
| Potion of Healing | 1 | 150 |
| Staff of Sanctuary | 3 | 750 |
| Orb of Fire | 2 | 650 |
| Boots of Speed | 3 | 750 |
| Staff of Teleportation | 3 | 450 |
| Periapt of Vitality | 2 | 650 |
| Tome of Retraining | 1 | 300 |
| Circlet of Nobility | 1 | 175 |
| total: | 16 | 3875g |
| Peasant | 17 | 1275 | / | 0 |
| Priest | 1 | 135 | / | 10 |
| Sorceress | 1 | 155 | / | 20 |
| total: | 19 | 1565g | / | 30w |
| Scout Tower | 65 | 1950 | / | 1300 |
| Arcane Tower | 6 | 420 | / | 300 |
| Guard Tower | 41 | 2870 | / | 2050 |
| Altar of Kings | 1 | 180 | / | 50 |
| Farm | 5 | 400 | / | 100 |
| Lumber Mill | 1 | 120 | / | 0 |
| Town Hall | 1 | 385 | / | 205 |
| Arcane Vault | 2 | 260 | / | 60 |
| Arcane Sanctum | 1 | 150 | / | 140 |
| Keep | 1 | 320 | / | 210 |
| Castle | 1 | 360 | / | 210 |
| total: | 76 | 3445g | / | 1855w |
| 0:02 | Peasant |
| 0:02 | Peasant |
| 0:07 | Altar of Kings |
| 0:13 | Peasant |
| 0:18 | Farm |
| 0:21 | Peasant |
| 0:32 | Farm |
| 0:35 | Scout Tower |
| 0:37 | Peasant |
| 0:42 | Peasant |
| 1:04 | Lumber Mill |
| 1:14 | Scout Tower |
| 1:15 | Peasant |
| 1:28 | Peasant |
| 1:35 | Arcane Tower |
| 1:37 | Peasant |
| 1:41 | Peasant |
| 2:02 | Scout Tower |
| 2:05 | Guard Tower |
| 2:07 | Summon Water Elemental |
| 2:25 | Scout Tower |
| 2:25 | Peasant |
| 2:34 | Peasant |
| 2:34 | Guard Tower |
| 2:58 | Guard Tower |
| 3:00 | Scout Tower |
| 3:15 | Peasant |
| 3:26 | Guard Tower |
| 3:26 | Scout Tower |
| 3:30 | Keep |
| 3:53 | Farm |
| 3:54 | Guard Tower |
| 3:55 | Scout Tower |
| 3:56 | Scout Tower |
| 4:06 | Improved Masonry |
| 4:09 | Farm |
| 4:12 | Brilliance Aura |
| 4:24 | Guard Tower |
| 5:06 | Town Hall |
| 5:09 | Scout Tower |
| 5:09 | Scout Tower |
| 5:10 | Scout Tower |
| 5:10 | Scout Tower |
| 5:38 | Arcane Tower |
| 5:40 | Boots of Speed |
| 5:44 | Guard Tower |
| 5:46 | Scout Tower |
| 5:48 | Scout Tower |
| 6:06 | Guard Tower |
| 6:19 | Guard Tower |
| 6:33 | Guard Tower |
| 6:40 | Peasant |
| 6:52 | Scout Tower |
| 6:52 | Scout Tower |
| 6:54 | Scout Tower |
| 6:55 | Scout Tower |
| 6:55 | Peasant |
| 7:06 | Storm Bolt |
| 7:09 | Staff of Teleportation |
| 7:10 | Boots of Speed |
| 7:15 | Improved Lumber Harvesting |
| 7:32 | Peasant |
| 7:32 | Peasant |
| 7:34 | Scout Tower |
| 7:35 | Scout Tower |
| 7:36 | Scout Tower |
| 7:38 | Scout Tower |
| 7:38 | Scout Tower |
| 7:54 | Guard Tower |
| 7:55 | Scout Tower |
| 7:55 | Scout Tower |
| 7:56 | Advanced Masonry |
| 8:12 | Guard Tower |
| 8:17 | Castle |
| 8:20 | Arcane Vault |
| 8:52 | Guard Tower |
| 8:57 | Summon Water Elemental |
| 9:00 | Arcane Sanctum |
| 9:33 | Arcane Vault |
| 9:35 | Guard Tower |
| 9:35 | Guard Tower |
| 10:05 | Scout Tower |
| 10:05 | Scout Tower |
| 10:10 | Guard Tower |
| 10:12 | Scout Tower |
| 10:13 | Scout Tower |
| 10:14 | Scout Tower |
| 10:18 | Potion of Healing |
| 10:21 | Magic Sentry |
| 10:21 | Priest |
| 10:22 | Farm |
| 10:33 | Scout Tower |
| 10:34 | Scout Tower |
| 10:34 | Scout Tower |
| 10:35 | Scout Tower |
| 10:35 | Scout Tower |
| 10:39 | Sorceress |
| 10:39 | Sorceress Adept Training |
| 10:39 | Priest Adept Training |
| 10:45 | Staff of Sanctuary |
| 10:55 | Guard Tower |
| 11:13 | Guard Tower |
| 11:22 | Staff of Teleportation |
| 11:23 | Boots of Speed |
| 11:27 | Periapt of Vitality |
| 11:31 | Guard Tower |
| 11:53 | Imbued Masonry |
| 11:54 | Advanced Lumber Harvesting |
| 11:56 | Staff of Sanctuary |
| 11:56 | Orb of Fire |
| 11:58 | Holy Light |
| 12:02 | Bash |
| 12:15 | Guard Tower |
| 12:16 | Scout Tower |
| 12:17 | Scout Tower |
| 12:17 | Scout Tower |
| 12:18 | Scout Tower |
| 12:26 | Tome of Retraining |
| 12:26 | Retrain Hero |
| 12:28 | Blizzard |
| 12:28 | Brilliance Aura |
| 12:28 | Blizzard |
| 12:35 | Arcane Tower |
| 12:35 | Guard Tower |
| 12:36 | Guard Tower |
| 13:12 | Guard Tower |
| 13:21 | Guard Tower |
| 13:22 | Scout Tower |
| 13:23 | Scout Tower |
| 13:23 | Scout Tower |
| 13:24 | Scout Tower |
| 13:30 | Staff of Sanctuary |
| 14:02 | Guard Tower |
| 15:20 | Guard Tower |
| 15:25 | Guard Tower |
| 15:28 | Scout Tower |
| 15:28 | Scout Tower |
| 15:45 | Staff of Teleportation |
| 15:46 | Circlet of Nobility |
| 15:46 | Periapt of Vitality |
| 16:53 | Divine Shield |
| 17:14 | Scout Tower |
| 17:14 | Scout Tower |
| 17:15 | Scout Tower |
| 17:15 | Scout Tower |
| 17:16 | Scout Tower |
| 17:16 | Scout Tower |
| 17:17 | Scout Tower |
| 17:17 | Scout Tower |
| 17:21 | Scout Tower |
| 17:21 | Scout Tower |
| 17:22 | Scout Tower |
| 17:23 | Scout Tower |
| 17:29 | Orb of Fire |
| 17:50 | Guard Tower |
| 18:08 | Arcane Tower |
| 19:01 | Arcane Tower |
| 19:02 | Guard Tower |
| 19:02 | Guard Tower |
| 19:04 | Arcane Tower |
| 19:04 | Guard Tower |
| 19:16 | Guard Tower |
| 19:46 | Guard Tower |
| 21:12 | Scout Tower |
| 21:12 | Scout Tower |
| 21:13 | Scout Tower |
| 21:13 | Scout Tower |
| 21:14 | Scout Tower |
| 21:14 | Scout Tower |
| 21:15 | Scout Tower |
| 21:15 | Scout Tower |
| 22:05 | Storm Bolt |
| 22:21 | Holy Light |
| 22:28 | Brilliance Aura |
| 22:32 | Guard Tower |
| 26:43 | Bash |
| 28:51 | Divine Shield |
| Right click | 3857 |
| Select | 945 |
| Select group | 511 |
| Chat | 506 |
| Build/train/purchase | 167 |
| Use ability | 137 |
| Misc. action | 39 |
| Assign group | 34 |
| Item give/drop | 13 |
| Remove unit | 1 |
48 units @ 6.4k
/ 0.7k
27 buildings @ 3.8k
/ 1.7k


| Healing Salve | 2 | 200 |
| Orb of Lightning | 1 | 375 |
| Tiny Great Hall | 1 | 600 |
| Potion of Mana | 2 | 400 |
| Circlet of Nobility | 2 | 350 |
| Ring of Protection +3 | 1 | 125 |
| total: | 9 | 2050g |
| Peon | 26 | 1950 | / | 0 |
| Grunt | 5 | 1000 | / | 0 |
| Demolisher | 13 | 2860 | / | 650 |
| Spirit Walker | 1 | 195 | / | 35 |
| Troll Berserker | 3 | 420 | / | 60 |
| total: | 48 | 6425g | / | 745w |
| Watch Tower | 12 | 1320 | / | 960 |
| Altar of Storms | 1 | 180 | / | 50 |
| Orc Burrow | 8 | 1280 | / | 320 |
| Barracks | 3 | 540 | / | 150 |
| Voodoo Lounge | 1 | 130 | / | 30 |
| War Mill | 1 | 205 | / | 0 |
| Tauren Totem | 1 | 135 | / | 155 |
| Stronghold | 1 | 315 | / | 190 |
| Fortress | 1 | 325 | / | 190 |
| total: | 27 | 3790g | / | 1665w |
| 0:06 | Altar of Storms |
| 0:13 | Peon |
| 0:13 | Peon |
| 0:28 | Orc Burrow |
| 0:58 | Peon |
| 0:58 | Peon |
| 1:03 | Barracks |
| 1:20 | Peon |
| 1:20 | Peon |
| 1:39 | Voodoo Lounge |
| 1:42 | Peon |
| 1:43 | Peon |
| 1:59 | Orc Burrow |
| 2:20 | Wind Walk |
| 2:29 | Orc Burrow |
| 3:01 | Grunt |
| 3:11 | Grunt |
| 3:37 | Stronghold |
| 4:00 | Circlet of Nobility |
| 4:15 | Grunt |
| 4:39 | War Mill |
| 5:02 | Grunt |
| 5:26 | Grunt |
| 5:53 | Critical Strike |
| 6:13 | Fortress |
| 6:49 | Tauren Totem |
| 6:59 | Berserker Strength |
| 7:03 | Steel Armor |
| 7:21 | Healing Salve |
| 7:53 | Orc Burrow |
| 8:00 | Orc Burrow |
| 8:05 | Critical Strike |
| 8:11 | Healing Wave |
| 8:44 | Spirit Walker Adept Training |
| 8:49 | Circlet of Nobility |
| 8:51 | Ring of Protection +3 |
| 9:09 | Reinforced Defenses |
| 9:26 | Burning Oil |
| 9:26 | Demolisher |
| 10:04 | Hex |
| 10:24 | Spirit Walker Master Training |
| 10:26 | Demolisher |
| 11:18 | Demolisher |
| 11:34 | Orb of Lightning |
| 11:34 | Tiny Great Hall |
| 11:47 | Spirit Walker |
| 11:53 | Berserker Upgrade |
| 11:53 | Troll Regeneration |
| 11:56 | Steel Ranged Weapons |
| 12:26 | Peon |
| 12:26 | Peon |
| 12:27 | Peon |
| 14:11 | Demolisher |
| 14:12 | Demolisher |
| 14:40 | Peon |
| 14:40 | Peon |
| 14:41 | Peon |
| 15:10 | Watch Tower |
| 15:11 | Watch Tower |
| 15:12 | Watch Tower |
| 15:12 | Watch Tower |
| 16:51 | Barracks |
| 16:52 | Barracks |
| 16:59 | Peon |
| 16:59 | Peon |
| 17:08 | Healing Salve |
| 17:16 | Potion of Mana |
| 17:28 | Potion of Mana |
| 17:40 | Thorium Ranged Weapons |
| 17:44 | Demolisher |
| 17:45 | Troll Berserker |
| 17:55 | Watch Tower |
| 17:56 | Watch Tower |
| 17:57 | Watch Tower |
| 17:58 | Watch Tower |
| 18:13 | Troll Berserker |
| 18:13 | Troll Berserker |
| 18:14 | Demolisher |
| 18:26 | Watch Tower |
| 18:50 | Peon |
| 18:50 | Peon |
| 18:50 | Peon |
| 19:11 | Watch Tower |
| 19:13 | Watch Tower |
| 19:15 | Peon |
| 19:16 | Peon |
| 19:16 | Peon |
| 20:01 | Watch Tower |
| 20:34 | Demolisher |
| 20:34 | Demolisher |
| 20:35 | Demolisher |
| 22:28 | Demolisher |
| 22:28 | Demolisher |
| 22:28 | Demolisher |
| 24:07 | Orc Burrow |
| 24:08 | Orc Burrow |
| 24:09 | Orc Burrow |
| 25:21 | Peon |
| 25:21 | Peon |
| 25:21 | Peon |
| 25:21 | Peon |
| Select group | 1316 |
| Right click | 1037 |
| Chat | 819 |
| Select | 376 |
| Misc. action | 203 |
| Build/train/purchase | 116 |
| Assign group | 53 |
| Use ability | 37 |
| Item give/drop | 8 |